AoeStats
← 欢乐小菜鸟

Arena

507037315Analyzed
4v4 RM · 15d ago on Sep 16, 2026· 52m 43s· 8 players
Game mode
Random Map
Map size
Large (8 player)
Population
200
Speed
Normal
Resources
Standard
Victory
Conquest
Starting age
Dark Age
Ending age
Imperial Age
RankedLock teamsTeams togetherTeam positionsShared explorationLock speedFull tech treeHidden civsTurbo modeCheats
Victory
Defeat
🇩🇪 Hindustanis · Germany
953
+14
🇫🇷 Romans · France
936
+15
🇩🇪 Japanese · Germany
904
+16
🇩🇪 Burgundians · Germany
761
+22
🇭🇰 Wu · Hong Kong SAR China
959
-19
🇨🇳 Franks · China
943
-18
🇨🇳 Huns · China
865
-15
🇦🇺 Japanese · Australia
852
-15
nuravhtradev
0:27 Loom
10:22 Feudal Age
10:55 Horse Collar
11:04 Double-Bit Axe
19:46 Castle Age
18:26 Stone Mining
18:31 Gold Mining
18:45 Fletching
20:39 Heavy Plow
26:07 Bow Saw
26:35 Wheelbarrow
27:25 Murder Holes
33:27 Imperial Age
32:01 Bodkin Arrow
35:03 Yasama
36:02 Hand Cart
39:11 Scale Mail Armor
39:13 Padded Archer Armor
39:09 Pikeman
41:17 Squires
43:19 Chemistry
42:39 Ballistics
42:57 Yasama
43:18 Kataparuto
44:01 Forging
45:26 Iron Casting
48:14 Hoardings
47:54 Bracer
48:54 Blast Furnace
47:40 Elite Skirmisher
49:02 Leather Archer Armor
50:11 Halberdier
AOE_SHARK
2:08 Loom
9:11 Double-Bit Axe
9:33 Horse Collar
12:36 Feudal Age
12:08 Stone Mining
12:11 Gold Mining
19:42 Castle Age
18:04 Heavy Plow
18:17 Bow Saw
23:53 Stone Shaft Mining
23:56 Scale Mail Armor
24:02 Scale Barding Armor
29:36 Chain Mail Armor
31:01 Chain Barding Armor
33:10 Ballistics
34:40 Gold Shaft Mining
34:34 Pikeman
35:15 Squires
35:03 Arson
35:37 Forging
41:42 Imperial Age
39:48 Wheelbarrow
38:59 Town Watch
40:40 Iron Casting
40:40 Crop Rotation
41:44 Halberdier
43:00 Plate Mail Armor
42:49 Town Patrol
46:18 Hand Cart
47:23 Two-Man Saw
49:21 Fortified Wall
51:45 Blast Furnace
51:21 Plate Barding Armor
52:54 Chemistry
Frardor /Transis
1:30 Loom
10:33 Feudal Age
11:49 Wheelbarrow
11:00 Double-Bit Axe
10:56 Horse Collar
17:47 Castle Age
18:59 Bow Saw
20:23 Heavy Plow
21:09 Hand Cart
23:06 Forging
23:37 Stone Mining
24:07 Gold Mining
26:12 Man-at-Arms
26:53 Squires
27:07 Forging
26:57 Scale Mail Armor
27:20 Long Swordsman
32:51 Imperial Age
31:47 Iron Casting
31:27 Chain Mail Armor
31:21 Town Watch
32:33 Scale Barding Armor
33:06 Legionary
34:51 Blast Furnace
34:15 Comitatenses
34:18 Conscription
37:30 Elite Centurion
39:35 Pikeman
40:29 Halberdier
43:27 Chain Barding Armor
43:23 Bloodlines
43:15 Husbandry
45:57 Caravan
51:55 Fortified Wall
51:42 Murder Holes
51:53 Siege Engineers
AOE_LION
5:21 Loom
12:05 Feudal Age
13:08 Horse Collar
13:14 Double-Bit Axe
18:09 Castle Age
16:18 Stone Mining
22:42 Bow Saw
22:33 Heavy Plow
25:24 Wheelbarrow
24:49 Gold Mining
31:46 Imperial Age
29:29 Town Watch
31:09 Hand Cart
32:55 Gold Shaft Mining
32:56 Stone Shaft Mining
32:40 Town Patrol
32:45 Padded Archer Armor
32:46 Scale Mail Armor
33:48 Chemistry
34:41 Husbandry
34:02 Heavy Camel Rider
42:10 Bloodlines
41:23 Light Cavalry
43:40 Two-Man Saw
44:22 Hussar
45:22 Forging
45:17 Scale Barding Armor
46:49 Iron Casting
No.09
0:38 Loom
13:07 Feudal Age
14:30 Double-Bit Axe
16:14 Wheelbarrow
19:55 Castle Age
18:43 Fletching
21:22 Bow Saw
27:35 Bodkin Arrow
30:07 Red Cliffs Tactics
31:50 Masonry
35:48 Gold Mining
35:50 Stone Mining
37:04 Padded Archer Armor
38:05 Scale Barding Armor
38:10 Forging
40:46 Imperial Age
38:51 Bloodlines
38:41 Husbandry
39:02 Husbandry
39:51 Hand Cart
41:25 Chain Barding Armor
41:41 Iron Casting
41:37 Ballistics
41:28 Heavy Hei Guang Cavalry
42:54 Gold Shaft Mining
42:04 Horse Collar
43:57 Conscription
44:54 Chemistry
44:58 Two-Man Saw
44:00 Heavy Plow
44:22 Bracer
44:38 Leather Archer Armor
47:32 Elite Fire Archer
LESLIE
10:22 Feudal Age
12:01 Double-Bit Axe
14:31 Castle Age
12:18 Horse Collar
16:51 Bow Saw
17:57 Loom
23:10 Wheelbarrow
24:42 Heavy Plow
25:35 Gold Mining
25:37 Stone Mining
28:22 Imperial Age
26:33 Hand Cart
26:34 Town Watch
26:57 Scale Barding Armor
27:15 Forging
28:02 Chain Barding Armor
28:10 Marauders
29:07 Gold Shaft Mining
28:59 Devotion
29:31 Conscription
30:03 Plate Barding Armor
29:31 Elite Tarkan
30:24 Husbandry
30:35 Bloodlines
31:06 Iron Casting
32:01 Two-Man Saw
31:08 Light Cavalry
34:50 Blast Furnace
33:41 Fletching
34:21 Hussar
36:22 Bodkin Arrow
37:30 Chemistry
36:50 Ballistics
36:41 Masonry
45:28 Bracer
45:29 Padded Archer Armor
47:37 Parthian Tactics
47:19 Thumb Ring
46:47 Heavy Cavalry Archer
48:38 Leather Archer Armor
Kony2012
13:41 Feudal Age
14:32 Horse Collar
18:32 Castle Age
16:24 Double-Bit Axe
16:54 Scale Mail Armor
27:44 Arson
30:29 Squires
30:43 Heavy Plow
30:32 Loom
33:15 Bow Saw
37:02 Pikeman
37:53 Gold Mining
47:39 Ballistics
47:00 Treadmill Crane
47:32 Masonry
欢乐小菜鸟
12:44 Feudal Age
14:00 Double-Bit Axe
16:58 Castle Age
18:38 Bow Saw
19:05 Wheelbarrow
22:30 Hand Cart
29:03 Imperial Age
26:20 Loom
26:21 Town Watch
26:57 Scale Barding Armor
27:03 Forging
27:32 Gold Mining
27:33 Stone Mining
28:29 Chain Barding Armor
28:19 Husbandry
29:33 Cavalier
30:49 Plate Barding Armor
30:58 Capped Ram
33:09 Gold Shaft Mining
34:48 Forging
34:40 Padded Archer Armor
35:43 Chemistry
35:04 Ballistics
34:50 Siege Engineers
34:39 Paladin
35:43 Chivalry
36:03 Conscription
37:14 Iron Casting
37:24 Fletching
49:15 Blast Furnace
48:11 Bodkin Arrow
48:31 Leather Archer Armor
48:19 Scale Mail Armor
Connection lost

Rejoining the realm…

Still unreachable

The connection could not be restored.

Session expired

The server has moved on; the page needs a fresh start.